 Dungeon Crawl Stone Soup version 0.21.0-3-g78d12a8 (webtiles) character file.

1218 Suckerboh the Magician (level 8, -9/42 HPs)
             Began as a Deep Elf Fire Elementalist on Jan 16, 2018.
             Was an Initiate of Vehumet.
             Shot with an arrow by a centaur (10 damage)
             ... on level 6 of the Dungeon.
             The game lasted 00:10:34 (5287 turns).

Suckerboh the Magician (Deep Elf Fire Elementalist) Turns: 5287, Time: 00:10:35

Health: -9/42      AC:  2    Str:  5    XL:     8   Next: 22%
Magic:  15/21      EV: 14    Int: 23    God:    Vehumet [......]
Gold:   450        SH:  0    Dex: 15    Spells: 13/21 levels left

rFire    . . .     SeeInvis .   (no weapon)
rCold    . . .     Gourm    .   (no shield)
rNeg     . . .     Faith    .   a - +0 robe
rPois    .         Spirit   .   (no helmet)
rElec    .         Reflect  .   (no cloak)
rCorr    .         Harm     .   (no gloves)
MR       .....                  (no boots)
Stlth    ++........             (no amulet)
HPRegen  0.14/turn              (no ring)
MPRegen  0.17/turn              (no ring)

@: hasted, very quick
A: no striking features
a: Renounce Religion


You were on level 6 of the Dungeon.
You worshipped Vehumet.
Vehumet was noncommittal.
You were not hungry.

You visited 2 branches of the dungeon, and saw 7 of its levels.

You collected 450 gold pieces.

Inventory:

Armour
 a - a +0 robe (worn)
Jewellery
 e - an uncursed ring of ice
 o - an uncursed ring of ice
Wands
 h - a wand of flame (33)
 u - a wand of paralysis (10)
Scrolls
 d - a scroll of blinking {unknown}
 f - 3 scrolls of identify
 j - 4 scrolls of enchant armour {unknown}
 k - 2 scrolls of remove curse
 n - 3 scrolls of teleportation
 q - a scroll of fear {unknown}
Potions
 g - a potion of haste
 i - a potion of cancellation {unknown}
 l - 2 potions of might {unknown}
 m - a potion of ambrosia {unknown}
 p - a potion of magic {unknown}
 s - a potion of degeneration {unknown}
 t - a potion of curing {unknown}
Books
 b - a book of Flames

   Spells                             Type                      Level
   a - Flame Tongue                   Conjuration/Fire             1
   b - Throw Flame                    Conjuration/Fire             2
   c - Conjure Flame                  Conjuration/Fire             3
   d - Inner Flame                    Hexes/Fire                   3
   e - Sticky Flame                   Conjuration/Fire             4
   f - Fireball                       Conjuration/Fire             5
Comestibles
 c - 12 rations


   Skills:
 + Level 0.8 Fighting
 + Level 3.6 Dodging
 - Level 2.4 Stealth
 + Level 7.4 Spellcasting
 * Level 6.9 Conjurations
 + Level 6.2 Fire Magic


You had 13 spell levels left.
You knew the following spells:

 Your Spells              Type           Power        Failure   Level  Hunger
a - Flame Tongue          Conj/Fire      #####        1%          1    None
b - Conjure Flame         Conj/Fire      #####...     1%          3    None
c - Sticky Flame          Conj/Fire      #####...     4%          4    ###....


Dungeon Overview and Level Annotations

Branches:
Dungeon (6/15)             Temple (1/1) D:4

Altars:
Cheibriados
Elyvilon
Fedhas
Gozag
Hepliaklqana
Kikubaaqudgha
Nemelex Xobeh
Okawaru
Qazlal
Ru
Sif Muna
Trog
Uskayaw
Vehumet
Wu Jian
Xom
Yredelemnul
Zin
The Shining One


Message History

The centaur wields a shortbow.
The centaur shoots an arrow.
The arrow hits you!
Found 13 gold pieces.
You see here an arrow.
Casting: Flame Tongue
Confirm with . or Enter, or press ? or * to list all spells.
Aiming: Flame Tongue
Press: ? - help, Shift-Dir - straight line, f - centaur
Aim: a centaur, wielding a shortbow The flame tongue hits the centaur.
The centaur is heavily wounded.
The centaur shoots an arrow.
The arrow hits you!
The centaur shoots an arrow.
The arrow hits you!
* * * LOW HITPOINT WARNING * * *
You see here 2 arrows.
It was a potion of haste.
You feel yourself speed up.
The centaur shoots an arrow.
The arrow hits you!
* * * LOW HITPOINT WARNING * * *
You feel as though your hastened speed will last longer.
The centaur shoots an arrow.
The arrow hits you!
You die...

#.........#
#..<......#
#........ .
#....... ..
#....# #
...###....###.###
.......<.........
.........().c...$
...###...@###'###
..........##
..##+###...#
#...# #..## #
#.####+###....
#......... .
#........ .
######..##..## .#
.


You could see a centaur.

Vanquished Creatures
  Sigmund (D:4)
  The ghost of Exporg the Covered, an amateur MiFi (D:3)
  An ice beast (D:5)
  A sky beast (D:2)
  3 ogres
  A phantom (D:2)
  A howler monkey (D:4)
  2 orc priests (D:6)
  2 orc wizards
  A bullfrog skeleton (D:5)
  An iguana (D:6)
  A worker ant (D:4)
  2 adders
  3 gnolls (D:4)
  An ooze (D:1)
  An adder zombie (D:5)
  3 worms
  3 dart slugs
  A leopard gecko (D:2)
  18 orcs
  7 bats
  4 giant cockroaches
  4 goblins (D:2)
  5 hobgoblins
  6 jackals
  5 quokkas
  A ball python (D:3)
  2 frilled lizards
  8 kobolds
  A leopard gecko skeleton (D:5)
  8 rats
99 creatures vanquished.

Notes
Turn   | Place    | Note
-------+----------+-------------------------------------------
     0 | D:1      | Suckerboh the Deep Elf Fire Elementalist began the quest for the Orb.
     0 | D:1      | Reached XP level 1. HP: 10/10 MP: 6/6
   137 | D:1      | Reached XP level 2. HP: 15/15 MP: 6/8
   515 | D:1      | Reached XP level 3. HP: 19/19 MP: 5/10
   929 | D:2      | Noticed a phantom
  1068 | D:2      | Killed a phantom
  1068 | D:2      | Reached skill level 4 in Spellcasting
  1068 | D:2      | Reached XP level 4. HP: 10/24 MP: 6/12
  1068 | D:2      | Reached XP level 5. HP: 12/28 MP: 6/13
  1253 | D:2      | Found an ornate altar of the Wu Jian Council.
  1540 | D:2      | Noticed a sky beast
  1818 | D:1      | Learned a level 3 spell: Conjure Flame
  1823 | D:1      | Learned a level 4 spell: Sticky Flame
  1941 | D:2      | Killed a sky beast
  2876 | D:3      | Noticed Exporg's ghost (amateur MiFi)
  3029 | D:3      | Reached skill level 5 in Spellcasting
  3284 | D:3      | Killed Exporg's ghost
  3284 | D:3      | Reached skill level 5 in Fire Magic
  3284 | D:3      | Reached XP level 6. HP: 15/32 MP: 4/16
  3813 | D:4      | Noticed Sigmund
  3821 | D:4      | Killed Sigmund
  3821 | D:4      | Reached skill level 6 in Spellcasting
  3821 | D:4      | Reached skill level 5 in Conjurations
  3821 | D:4      | Reached XP level 7. HP: 35/36 MP: 7/18
  4000 | D:4      | Found a staircase to the Ecumenical Temple.
  4006 | Temple   | Entered the Ecumenical Temple
  4163 | D:4      | Found a radiant altar of Vehumet.
  4292 | D:4      | Became a worshipper of Vehumet
  4562 | D:5      | Entered Level 5 of the Dungeon
  4838 | D:5      | Found a basalt altar of Yredelemnul.
  4838 | D:5      | Found a blossoming altar of Fedhas.
  4919 | D:5      | Reached skill level 7 in Spellcasting
  4937 | D:5      | Reached XP level 8. HP: 42/42 MP: 11/20
  4978 | D:5      | You fall through a shaft!
  5213 | D:5      | Found a deep blue altar of Sif Muna.
  5286 | D:6      | HP: 1/42 [centaur/arrow (9)]
  5287 | D:6      | Shot with an arrow by a centaur

Skill      XL: |  1  2  3  4  5  6  7 |
---------------+----------------------+-----
Fire Magic     | 4 5 6 |  6.2
Conjurations   | 3 4 5 6 |  6.9
Spellcasting   | 4 5 6 7 |  7.4
Dodging        | 3 |  3.6
Fighting       | |  0.8
Stealth        | |  2.4

Action                   |  1- 3 |  4- 6 |  7- 9 || total
-------------------------+-------+-------+-------++-------
Melee: Unarmed           |     3 |     5 |     5 ||    13
 Cast: Flame Tongue      |    64 |    92 |    84 ||   240
       Sticky Flame      |       |     4 |     4 ||     8
       Conjure Flame     |       |     3 |     1 ||     4
  Use: Scroll            |       |     2 |       ||     2
       Potion            |       |       |     2 ||     2
  Eat: Chunk             |       |     4 |     7 ||    11
       Ration            |       |     1 |       ||     1
Armor: Robe              |     6 |     2 |     5 ||    13
Dodge: Dodged            |    27 |    29 |    33 ||    89
